 Dungeon Crawl Stone Soup version 0.16-a0-3963-gf3423b3 (console) character file.

36 Fusha the Caller (level 3, 0/27 HPs)
             Began as a Ghoul Summoner on Feb 10, 2015.
             Slain by an iguana (12 damage)
             ... on level 4 of the Dungeon.
             The game lasted 00:03:06 (476 turns).

Fusha the Caller (Ghoul Summoner)                    Turns: 476, Time: 00:03:06

Health: 0/27       AC:  2    Str: 11    XL:     3   Next: 37%
Magic:  2/6        EV: 12    Int: 11    God:
Gold:   105        SH:  0    Dex:  9    Spells: 2 memorised, 3 levels left

rFire  . . .     SeeInvis .     (no weapon)
rCold  + . .     Clarity  .     a - +0 robe
rNeg   + + +     SustAb   .     (no shield)
rPois  ∞         Gourm    .     (no helmet)
rElec  .         Spirit   .     (no cloak)
rCorr  .         Warding  .     (no gloves)
rMut   .         Stasis   .     (no boots)
MR     .....                    (no amulet)
Stlth  ++........               (no ring)
                                (no ring)

@: very slightly contaminated, rotting, not resistant to hostile enchantments,
unstealthy
A: rotting body, claws 1, carnivore 3, cold resistance 1, negative energy
resistance 3, poison resistance, slow healing 1, torment resistance, unbreathing
a: no special abilities


You were on level 4 of the Dungeon.
You were not hungry.

You visited 1 branch of the dungeon, and saw 3 of its levels.

You collected 105 gold pieces.

Inventory:

Missiles
 d - 7 stones (quivered)
Armour
 a - a +0 robe (worn)
Scrolls
 c - 2 scrolls of identify {unknown}
 e - a scroll of random uselessness {unknown}
 g - 2 scrolls of teleportation {unknown}
Potions
 f - 2 potions of curing {unknown}
Books
 b - a book of Callings

   Spells                             Type                      Level
   a - Summon Small Mammal            Summoning                    1
   b - Call Imp                       Summoning                    2
   c - Call Canine Familiar           Summoning                    3
   d - Summon Guardian Golem          Hexes/Summoning              4
   e - Summon Lightning Spire         Summoning/Air                4
   f - Summon Ice Beast               Ice/Summoning                4


   Skills:
 + Level 0.4 Fighting
 + Level 0.3 Throwing
 + Level 1.9 Dodging
 + Level 2.6 Stealth
 + Level 2.0 Spellcasting
 + Level 4.1 Summonings


You had 3 spell levels left.
You knew the following spells:

 Your Spells              Type           Power        Failure   Level  Hunger
a - Summon Small Mammal   Summ           ##..         6%          1    ##.....
b - Call Imp              Summ           ##......     10%         2    ###....


Dungeon Overview and Level Annotations

Branches:
Dungeon (4/15)
 Temple: D:4-7

Altars:


Innate Abilities, Weirdness & Mutations

Your body is rotting away.
You thrive on raw meat.
You have sharp fingernails.
You are carnivorous and can eat meat at any time.
Your flesh is cold resistant.
You are immune to negative energy.
Your system is resistant to poisons.
You heal slowly when monsters are visible.
You are immune to unholy pain and torment.
You can survive without breathing.


Message History

Increase (S)trength, (I)ntelligence, or (D)exterity?
You feel clever.
Found 17 sling bullets.
An adder comes into view.
Found a scroll labeled YXILIH TIBAOR.
You see here a scroll labeled YXILIH TIBAOR.
Casting: Call Imp
Confirm with . or Enter, or press ? or * to list all spells.
You miscast Call Imp.
You are very lightly contaminated with residual magic.
The world appears momentarily distorted.
The iguana bites you!
You hear the slow hiss of a distant avalanche of sand.
All of the chunks of flesh in your inventory have rotted away.
You see here a stone.
Found 9 gold pieces.
Found a scroll labeled YXILIH TIBAOR.
A worker ant comes into view.
The iguana bites you!
You die...

..........##.#.....##
...........##.#.#+#.##
.....................##
............#...#.#...##
................#.#...##
...a..<.....#(..#.#...?.
.........S.......#.######
.........l...##..#.......
........@........#####...
.............#..>.. +...
............#####.# #..(
............... .$ ....
.............?. ......
#...##.##.$.. ....## ...
#.# ... ....# .. #.# .#
..+ ..#


You could see an iguana, a worker ant and an adder.

Vanquished Creatures
  A giant frog skeleton (D:4)
  An ooze (D:1)
  A bat (D:1)
  A giant cockroach (D:2)
  A giant newt (D:1)
  3 goblins (D:1)
  3 rats (D:1)
11 creatures vanquished.

Vanquished Creatures (collateral kills)
  An adder (D:4)
1 creature vanquished.

Vanquished Creatures (others)
  A white imp (D:4)
1 creature vanquished.

Grand Total: 13 creatures vanquished

Notes
Turn   | Place    | Note
--------------------------------------------------------------
     0 | D:1      | Fusha, the Ghoul Summoner, began the quest for the Orb.
     0 | D:1      | Reached XP level 1. HP: 14/14 MP: 2/2
   188 | D:1      | Reached XP level 2. HP: 17/20 MP: 3/3
   193 | D:1      | Learned a level 2 spell: Call Imp
   415 | D:2      | You fall through a shaft for 2 floors!
   448 | D:4      | Reached skill level 4 in Summonings
   448 | D:4      | Reached XP level 3. HP: 17/27 MP: 1/6
   476 | D:4      | Slain by an iguana

Action                   || total
-------------------------++-------
Melee: Unarmed           ||    48
Throw: Stone             ||     7
 Cast: Call Imp          ||     2
 Stab: Sleeping          ||     1
  Eat: Chunk             ||     4
